 Dungeon Sprint DCSS version 0.19-a0-172-g3b1235c (webtiles) character file.

36662 Kidiri the Warrior (level 13, -4/134 HPs)
             Began as a Hill Orc Fighter on May 22, 2016.
             Was the Champion of Beogh.
             Slain by a stone giant (16 damage)
             ... in the Dungeon (Sprint IX: "|||||||||||||||||||||||||||||").
             The game lasted 00:26:12 (5145 turns).

Kidiri the Warrior (Hill Orc Fighter)               Turns: 5145, Time: 00:26:12

Health: -4/134     AC: 24    Str: 23    XL:     13   Next: 91%
Magic:  15/23      EV: 14    Int:  6    God:    Beogh [******]
Gold:   1490       SH: 16    Dex: 11    Spells: 0 memorised, 12 levels left

rFire  . . .     SeeInvis .     G - +3 demon blade (venom)
rCold  + . .     Gourm    .     I - +3 plate armour {rPois}
rNeg   . . .     Faith    .     c - +0 shield
rPois  +         Spirit   .     H - +1 helmet
rElec  .         Dismiss  .     q - +0 cloak
rCorr  .         Reflect  .     (no gloves)
SustAt .         Harm     .     a - +0 pair of boots
MR     .....     NoTele   +     (no amulet)
Stlth  ..........               s - +2 ring of evasion
                                r - ring of protection from cold

@: not resistant to hostile enchantments, extremely unstealthy
A: walk on water, blurry vision 1, deformed body, dopey 1
a: Smiting, Recall Orcish Followers, Give Item to Named Follower, Resurrection,
Renounce Religion


You were in the Dungeon.
You worshipped Beogh.
Beogh was exalted by your worship.
You were not hungry.

You visited 1 branch You collected 1814 gold pieces.
You spent 324 gold pieces at shops.

Inventory:

Hand Weapons
 p - the +2 scimitar "Bejuh" {flame, *Corrode rElec rN++ MR+}
   (You found it in the Dungeon)

   It has been specially enchanted to burn those struck by it, causing extra
   injury to most foes and up to half again as much damage against particularly
   susceptible opponents.
   Big, fiery blades are also staple armaments of hydra-hunters.
   It insulates you from electricity.
   It greatly protects you from negative energy.
   It affects your resistance to hostile enchantments.
   It may corrode you when you take damage.
 G - a +3 demon blade of venom (weapon)
Missiles
 b - 4 javelins
 y - 21 tomahawks (quivered)
Armour
 a - a +0 pair of boots (worn)
 c - a +0 shield (worn)
 g - a +2 plate armour of fire resistance
 q - a +0 cloak (worn)
 H - a +1 helmet (worn)
 I - a +3 plate armour of poison resistance (worn)
Jewellery
 r - a ring of protection from cold (left hand)
 s - a +2 ring of evasion (right hand)
 D - an uncursed ring of protection from fire
 E - an uncursed ring of protection from magic
Wands
 o - a wand of acid (7/15)
Scrolls
 k - 3 scrolls of blinking
 m - 2 scrolls of remove curse
 n - 2 scrolls of amnesia
 v - 7 scrolls of fear
 w - 2 scrolls of fog
Potions
 d - a potion of invisibility
 e - 2 potions of curing
 h - 2 potions of haste
 i - 4 potions of magic
 j - a potion of resistance
 l - 2 potions of brilliance
 t - a potion of cure mutation
 x - a potion of cancellation
Comestibles
 f - 13 bread rations
 z - 19 fruits
 A - 12 meat rations


   Skills:
 * Level 17.7 Fighting
 * Level 16.2 Long Blades
 + Level 10.3 Throwing
 * Level 16.4 Armour
 * Level 12.9 Dodging
 * Level 16.4 Shields
 + Level 13.6 Invocations


You had 12 spell levels left.
You didn't know any spells.

Dungeon Overview and Level Annotations

Branches:
Dungeon (1/1)

Altars:
Cheibriados
Dithmenos
Elyvilon
Fedhas
Gozag
Kikubaaqudgha
Makhleb
Nemelex Xobeh
Okawaru
Pakellas
Qazlal
Ru
Sif Muna
Trog
Vehumet
Xom
Yredelemnul
Zin
The Shining One
Beogh
Jiyva
Lugonu

Shops:
D *%([

Annotations:
D Urug


Innate Abilities, Weirdness & Mutations

You can walk on water.
Scrolls take you a little longer to read.
Armour fits poorly on your strangely shaped body.
You are dopey. (Int -2)


Message History

an arbalest; 15 bolts; 2 large rocks; a yaktaur corpse You hit the stone giant.
The stone giant is poisoned.
The stone giant is lightly wounded.
The stone giant hits you!!
* * * LOW HITPOINT WARNING * * *
Unknown command.
Read which item? (? for menu, Esc to quit)
Really read with blurry vision while enemies are nearby? [Y]es or [N]o only, please.
Really read with blurry vision while enemies are nearby? [Y]es or [N]o only, please.
Really read with blurry vision while enemies are nearby? [Y]es or [N]o only, please.
Really read with blurry vision while enemies are nearby?
Okay, then.
Unknown command.
Unknown command.
Drink which item? (? for menu, Esc to quit)
You feel better. The stone giant hits you!
You die...

▓▓▓▓▓▓▓▓▓▓▓▓▓▓▓▓▓▓▓▓▓▓▓▓
CVGCTcC@(....(..........
▓▓▓▓▓▓▓▓▓▓▓▓▓▓▓▓▓▓▓▓▓▓▓▓▓▓▓▓▓▓▓▓▓
.....).........()...o.....o....o.
♣♣♣♣♣♣♣♣♣▓▓▓▓▓▓▓▓▓▓▓▓▓▓▓▓▓▓▓▓▓▓▓▓
)..)...))))))....)'.ooo..........
♣♣♣♣♣♣♣♣♣▓▓▓▓▓▓▓▓▓▓▓▓▓▓▓▓▓▓▓▓▓▓▓▓
.......o....o......o...oo........
▓▓▓▓▓▓▓▓▓▓▓▓▓▓▓▓▓▓▓▓▓▓▓▓▓▓▓▓▓▓▓▓▓
..[[o[=[[..)oo)oo.)...o.'.o......


You could see a frost giant (wandering), a fire giant, a stone giant, a vampire
knight, a giant orange brain, a deep troll earth mage and a yaktaur.

Vanquished Creatures
  Saint Roka (D)
  Agnes (D)
  A greater naga (D)
  A frost giant (D)
  A ghost moth (D)
  2 stone giants (D)
  2 fire dragons (D)
  2 great orbs of eyes (D)
  2 hydras (D)
  A death yak (D)
  An ogre mage (D)
  A deep troll shaman (D)
  2 shock serpents (D)
  A mana viper (D)
  Sonja (D)
  An unseen horror (D)
  A swamp dragon (D)
  2 sea snakes (D)
  A spriggan druid (D)
  A guardian serpent (D)
  An orb spider (D)
  3 orc knights (D)
  An orc sorcerer (D)
  A manticore (D)
  A wolf spider (D)
  2 ugly things (D)
  8 elephants (D)
  A cyclops (D)
  A griffon (D)
  2 sirens (D)
  2 black mambas (D)
  A torpor snail (D)
  A komodo dragon (D)
  A demonic crawler (D)
  An efreet (D)
  A yaktaur (D)
  A jumping spider (D)
  2 merfolk (D)
  A snapping turtle (D)
  2 tarantellas (D)
  A wraith (D)
  A water elemental (D)
  2 vampire mosquitoes (D)
  A yak (D)
  A hippogriff (D)
  A naga (D)
  5 water moccasins (D)
  An ice beast (D)
  3 swamp drakes (D)
  5 orc warriors (D)
  An ogre (D)
  6 crocodiles (D)
  A wolf (D)
  3 giant frogs (D)
  A big kobold (D)
  A scorpion (D)
  A hound (D)
  3 iguanas (D)
  2 worker ants (D)
  An adder skeleton (D)
  2 orcs (D)
  2 bat zombies (D)
  2 jackals (D)
  A quokka (D)
  A ball python simulacrum (D)
  A bat (D)
  A giant newt (D)
  3 rats (D)
114 creatures vanquished.

Vanquished Creatures (collateral kills)
  An entropy weaver (D)
  An ogre mage (D)
  3 orc knights (D)
  A wolf spider (D)
  An orc priest (D)
  An insubstantial wisp (D)
  4 orc warriors (D)
  An orc (D)
13 creatures vanquished.

Vanquished Creatures (others)
  Urug (twice) (D)
  A naga sharpshooter (D)
  5 orc knights (D)
  6 orc warriors (D)
  3 orc wizards (D)
  7 orcs (D)
24 creatures vanquished.

Grand Total: 151 creatures vanquished

Notes
Turn   | Place    | Note
--------------------------------------------------------------
     0 | D        | Kidiri the Hill Orc Fighter began the quest for the Orb.
     0 | D        | Reached XP level 1. HP: 19/19 MP: 1/1
    14 | D        | Reached skill level 1 in Dodging
    44 | D        | Noticed an ogre
    44 | D        | Noticed a scorpion
    53 | D        | Killed a scorpion
    53 | D        | Reached skill level 5 in Fighting
    53 | D        | Reached skill level 1 in Throwing
    53 | D        | Reached XP level 2. HP: 13/29 MP: 2/2
    53 | D        | Reached XP level 3. HP: 17/36 MP: 3/3
    56 | D        | Killed an ogre
    56 | D        | Reached skill level 6 in Fighting
    56 | D        | Reached skill level 5 in Long Blades
    56 | D        | Reached skill level 5 in Armour
    56 | D        | Reached skill level 5 in Shields
    56 | D        | Reached XP level 4. HP: 21/44 MP: 4/4
    56 | D        | Reached XP level 5. HP: 24/50 MP: 5/5
    66 | D        | Found a glowing silver altar of Zin.
    66 | D        | Found a glowing golden altar of the Shining One.
    66 | D        | Found an ancient bone altar of Kikubaaqudgha.
    66 | D        | Found a basalt altar of Yredelemnul.
    66 | D        | Found a shimmering altar of Xom.
    66 | D        | Found a radiant altar of Vehumet.
    67 | D        | Found an iron altar of Okawaru.
    68 | D        | Found a burning altar of Makhleb.
    69 | D        | Found a deep blue altar of Sif Muna.
    70 | D        | Found a bloodstained altar of Trog.
    71 | D        | Found a sparkling altar of Nemelex Xobeh.
    72 | D        | Found a white marble altar of Elyvilon.
    73 | D        | Found a roughly hewn altar of Beogh.
    74 | D        | Found a viscous altar of Jiyva.
    75 | D        | Found a corrupted altar of Lugonu.
    76 | D        | Found a blossoming altar of Fedhas.
    77 | D        | Found a snail-covered altar of Cheibriados.
    78 | D        | Found a shadowy altar of Dithmenos.
    79 | D        | Found a stormy altar of Qazlal.
    80 | D        | Found an opulent altar of Gozag.
    81 | D        | Became a worshipper of Beogh the Brigand
    82 | D        | Found a sacrificial altar of Ru.
    83 | D        | Found an oddly glowing altar of Pakellas.
   100 | D        | Got the +2 scimitar "Bejuh" {flame, *Corrode rElec rN++ MR+}
   221 | D        | Noticed a crocodile
   221 | D        | Noticed a water moccasin
   241 | D        | Killed a water moccasin
   241 | D        | Reached skill level 7 in Fighting
   241 | D        | Reached XP level 6. HP: 60/60 MP: 5/7
   249 | D        | Reached * piety under Beogh
   251 | D        | Reached skill level 8 in Fighting
   254 | D        | Reached skill level 5 in Dodging
   254 | D        | Reached XP level 7. HP: 68/68 MP: 6/9
   333 | D        | Noticed an efreet
   334 | D        | Reached ** piety under Beogh
   344 | D        | Killed an efreet
   344 | D        | Reached skill level 9 in Fighting
   347 | D        | Reached skill level 5 in Invocations
   347 | D        | Reached XP level 8. HP: 53/78 MP: 11/11
   359 | D        | Reached *** piety under Beogh
   377 | D        | Killed an unseen horror
   377 | D        | Reached skill level 10 in Fighting
   688 | D        | Reached skill level 5 in Throwing
   697 | D        | Reached **** piety under Beogh
   697 | D        | Reached XP level 9. HP: 81/85 MP: 13/13
   707 | D        | Noticed a komodo dragon
   722 | D        | Killed a komodo dragon
   722 | D        | Reached skill level 10 in Shields
   729 | D        | Reached ***** piety under Beogh
   729 | D        | Reached skill level 10 in Armour
   886 | D        | Reached skill level 11 in Fighting
   886 | D        | Reached skill level 10 in Long Blades
   913 | D        | Noticed a death yak
  1168 | D        | Killed a death yak
  1168 | D        | Reached XP level 10. HP: 96/97 MP: 15/15
  1314 | D        | Noticed an elephant
  1314 | D        | Noticed an elephant
  1314 | D        | Noticed an elephant
  1314 | D        | Noticed an elephant
  1314 | D        | Noticed an elephant
  1314 | D        | Noticed an elephant
  1321 | D        | Noticed an elephant
  1323 | D        | Killed an elephant
  1335 | D        | Killed an elephant
  1335 | D        | Reached ****** piety under Beogh
  1335 | D        | Reached skill level 12 in Fighting
  1344 | D        | Killed an elephant
  1356 | D        | Killed an elephant
  1370 | D        | Killed an elephant
  1510 | D        | Killed an elephant
  1519 | D        | Killed an elephant
  1527 | D        | Noticed an elephant
  1533 | D        | Killed an elephant
  1690 | D        | Noticed an orc sorcerer
  1692 | D        | Noticed an orc knight
  1705 | D        | Killed an orc sorcerer
  1705 | D        | Reached skill level 13 in Fighting
  1705 | D        | Reached XP level 11. HP: 107/107 MP: 16/18
  1714 | D        | Killed an orc knight
  1815 | D        | Noticed an orc knight
  1818 | D        | Killed an orc knight
  1938 | D        | Found Qeros's Antique Armour Boutique.
  1938 | D        | Noticed an orc knight
  1938 | D        | Noticed an orc knight
  1939 | D        | Noticed an orc knight
  1946 | D        | Killed an orc knight
  1947 | D        | Noticed an orc knight
  1948 | D        | Found Cukhun's Antique Weapon Shop.
  1960 | D        | Killed an orc knight
  1961 | D        | Found Qeiniy's Food Boutique.
  1963 | D        | Found Puudeofuu's General Store.
  1968 | D        | Noticed an orc knight
  1970 | D        | Noticed an orc knight
  2003 | D        | Bought a glowing hat for 72 gold pieces
  2003 | D        | Bought a crude leather armour for 126 gold pieces
  2003 | D        | Bought a crude leather armour for 126 gold pieces
  2018 | D        | Identified the cursed +1 leather armour of the Sailor {rElec} (You bought it in a shop in the Dungeon)
  2029 | D        | Identified the +2 leather armour "Sirilod" {rN+ rCorr Int-2 Dex+2} (You bought it in a shop in the Dungeon)
  2406 | D        | Noticed a manticore
  2406 | D        | Noticed a cyclops
  2409 | D        | Killed a cyclops
  2409 | D        | Reached skill level 10 in Invocations
  2415 | D        | Noticed a purple ugly thing
  2430 | D        | Noticed a frost giant
  2432 | D        | Noticed a fire dragon
  2433 | D        | Killed a manticore
  2439 | D        | Killed a purple ugly thing
  2452 | D        | Killed a frost giant
  2452 | D        | Reached skill level 14 in Fighting
  2452 | D        | Reached skill level 10 in Dodging
  2462 | D        | HP: 5/110 [fire dragon/blast of flame (39)]
  2463 | D        | Killed a fire dragon
  2486 | D        | Noticed a green ugly thing
  2487 | D        | Noticed a great orb of eyes
  2488 | D        | Noticed a stone giant
  2490 | D        | Noticed an ogre mage
  2492 | D        | Noticed a deep troll shaman
  2499 | D        | Killed a green ugly thing
  2499 | D        | Gained Bogbrand as an ally
  2508 | D        | Killed a great orb of eyes
  2508 | D        | Reached XP level 12. HP: 29/118 MP: 20/20
  2514 | D        | Killed a stone giant
  2516 | D        | Your ally Bogbrand died
  2517 | D        | Killed a deep troll shaman
  2532 | D        | Killed an ogre mage
  2538 | D        | Gained mutation: You are dopey. (Int -2) [mutagenic meat]
  2539 | D        | Gained mutation: Scrolls take you a little longer to read. [mutagenic meat]
  2540 | D        | Gained mutation: Armour fits poorly on your strangely shaped body. [mutagenic meat]
  2827 | D        | Noticed Urug
  2841 | D        | Noticed Agnes
  2859 | D        | Killed Agnes
  2859 | D        | Reached skill level 15 in Fighting
  2893 | D        | Noticed an entropy weaver
  2926 | D        | Killed an entropy weaver
  2943 | D        | Your ally died
  3410 | D        | Noticed a six-headed hydra
  3410 | D        | Noticed an eight-headed hydra
  3425 | D        | Killed a ten-headed hydra
  3430 | D        | Killed a seven-headed hydra
  3441 | D        | Gained Koronagh as an ally
  3706 | D        | Your ally Koronagh died
  3736 | D        | Killed a ghost moth
  3736 | D        | Reached skill level 16 in Fighting
  3736 | D        | Reached skill level 15 in Shields
  3736 | D        | Reached XP level 13. HP: 77/128 MP: 0/22
  3936 | D        | Noticed a greater naga
  3942 | D        | Reached skill level 15 in Armour
  3961 | D        | Reached skill level 15 in Long Blades
  3974 | D        | Killed a greater naga
  3983 | D        | Your ally died
  3989 | D        | Gained Margrim as an ally
  4446 | D        | Reached skill level 17 in Fighting
  4688 | D        | Noticed Saint Roka
  4706 | D        | Killed Saint Roka
  4706 | D        | Reached skill level 10 in Throwing
  4777 | D        | Noticed Sonja
  4780 | D        | Killed Sonja
  4823 | D        | Noticed a great orb of eyes
  4823 | D        | Noticed a stone giant
  4823 | D        | Noticed a fire dragon
  5108 | D        | Noticed a stone giant
  5122 | D        | Killed a fire dragon
  5130 | D        | Noticed a fire giant
  5131 | D        | Killed a stone giant
  5141 | D        | Killed a great orb of eyes
  5143 | D        | Noticed a vampire knight
  5145 | D        | Slain by a stone giant

Vault maps used:
D:        linesprint

Skill      XL: |  1  2  3  4  5  6  7  8  9 10 11 12 13 |
---------------+----------------------------------------+-----
Dodging        | 2 3 4 5 6 8 9 10 11 12 | 12.9
Fighting       | 5 6 7 8 9 10 11 13 14 16 17 | 17.7
Long Blades    | 4 5 6 7 8 9 10 11 13 14 16 | 16.2
Throwing       | 1 2 3 4 5 6 7 8 9 10 | 10.3
Armour         | 4 5 6 7 8 9 10 12 13 14 16 | 16.4
Shields        | 4 5 6 7 8 9 10 12 13 15 16 | 16.4
Invocations    | 2 3 5 6 7 9 10 12 13 | 13.6

Action                   |  1- 3 |  4- 6 |  7- 9 | 10-12 | 13-15 || total
-------------------------+-------+-------+-------+-------+-------++-------
Melee: Long sword        |    27 |     3 |       |       |       ||    30
       Scimitar          |       |    30 |   121 |   144 |       ||   295
       Demon blade       |       |       |       |   177 |   146 ||   323
Throw: Tomahawk          |       |       |       |    10 |       ||    10
Invok: Smiting           |       |       |       |    18 |    15 ||    33
       Recall Orcish Fol |       |       |       |     2 |     1 ||     3
       Resurrection      |       |       |       |     1 |     1 ||     2
  Use: Potion            |     1 |     2 |     1 |     8 |     3 ||    15
       Scroll            |       |       |       |     3 |     1 ||     4
 Stab: Distracted        |       |       |       |     1 |       ||     1
  Eat: Chunk             |       |       |     2 |     5 |       ||     7
       Fruit             |       |       |       |    10 |    11 ||    21
Armor: Scale mail        |    12 |     1 |       |       |       ||    13
       Chain mail        |       |    10 |    41 |    35 |       ||    86
       Plate armour      |       |       |       |    94 |    19 ||   113
Dodge: Dodged            |     5 |     8 |    27 |    82 |    25 ||   147
Block: Shield            |    10 |    17 |    50 |   172 |    59 ||   308
